 Dungeon Crawl Stone Soup version 0.27.1-4-g1640c2035a (webtiles) character file.

Game seed: 17970540297393698999

51 zeram the Poker (level 3, -4/29 HPs)
             Began as a Merfolk Fighter on Nov 12, 2021.
             Slain by an ogre (17 damage)
             ... on level 3 of the Dungeon.
             The game lasted 00:02:07 (1674 turns).

zeram the Poker (Merfolk Fighter)                   Turns: 1674, Time: 00:02:08

Health: -4/29      AC:  6    Str: 17    XL:     3   Next: 83%
Magic:  3/3        EV:  7    Int:  7    God:
Gold:   78         SH:  9    Dex: 13    Spells: 2/2 levels left

rFire    . . .     SeeInvis .   a - +0 trident
rCold    . . .     Faith    .   c - +0 kite shield
rNeg     . . .     Spirit   .   b - +0 scale mail
rPois    .         Reflect  .   (no helmet)
rElec    .         Harm     .   (no cloak)
rCorr    .         Rampage  .   (no gloves)
Will     .....                  (no boots)
Stlth    ..........             (no amulet)
HPRegen  0.09/turn              (no ring)
MPRegen  0.08/turn              (no ring)

@: no status effects
A: (nimble swimmer 2), mertail
a: no special abilities


You were on level 3 of the Dungeon.
You visited 1 branch of the dungeon, and saw 3 of its levels.

You collected 78 gold pieces.

Inventory:

Hand Weapons
 a - a +0 trident (weapon)
Armour
 b - a +0 scale mail (worn)
 c - a +0 kite shield (worn)
Jewellery
 k - a +6 ring of strength
Wands
 f - a wand of charming (10)
Scrolls
 h - 2 scrolls of identify {unknown}
 j - a scroll of noise {unknown}
Potions
 d - a potion of might
 e - a potion of cancellation {unknown}
 g - a potion of lignification {unknown}
 i - a potion of curing {unknown}


   Skills:
 - Level 3.2 Fighting
 + Level 4.0 Polearms
 + Level 2.6 Armour
 + Level 3.6 Shields


You had 2 spell levels left.
You didn't know any spells.
Your spell library was empty.

Dungeon Overview and Level Annotations

Branches:
Dungeon (3/15)

Altars:

Shops:
D:2 [


Innate Abilities, Weirdness & Mutations

((You are quick and stealthy near water. (Stealth+, EV+, Speed+++)))
Your lower body shifts to a powerful aquatic tail in water.


Message History

The quokka twitches its whiskers.
The quokka bites you but does no damage.
The frilled lizard bites you but does no damage.
The quokka bites you. You block the frilled lizard's attack.
You miss the frilled lizard. The quokka barely misses you.
You block the frilled lizard's attack. You block the quokka's attack.
You hit the frilled lizard.
You kill the frilled lizard!
You block the quokka's attack.
You hit the ogre.
The ogre is moderately wounded.
You block the quokka's attack. You block the ogre's attack.
The quokka barely misses you.
You hit the ogre.
The ogre is moderately wounded.
The ogre hits you with a +0 giant spiked club!
The quokka misses you.
You are too injured to fight recklessly!
You are too injured to fight recklessly!
You are too injured to fight recklessly!
You are too injured to fight recklessly!
You are too injured to fight recklessly!
You are too injured to fight recklessly!
You are too injured to fight recklessly!
You are too injured to fight recklessly!
You are too injured to fight recklessly!
You are too injured to fight recklessly!
You are too injured to fight recklessly!
You are too injured to fight recklessly!
You are too injured to fight recklessly!
You are too injured to fight recklessly!
You are too injured to fight recklessly!
You are too injured to fight recklessly!
You are too injured to fight recklessly!
You are too injured to fight recklessly!
You block the quokka's attack.
You see here 14 gold pieces.
The ogre hits you with a +0 giant spiked club!
Ouch! That really hurt!
You die...

.# ## .. ## .# .# .. .
####.# #.###. ....#
#....######..#
#.........###
###...........#
#...###..@....# ##.###
##rO....# ######..#
#......#
##......#######.$....##
...###### #...........#
..## #.####†..:...# ..#
#.......# ..# #.......#
..## ##.....##


You could see an ogre and a quokka.

Vanquished Creatures
  An adder (D:2)
  A worm (D:2)
  2 dart slugs (D:1)
  An endoplasm (D:1)
  6 goblins
  4 hobgoblins
  3 quokkas (D:1)
  2 ball pythons (D:2)
  6 bats
  2 frilled lizards
  2 kobolds (D:1)
  3 rats
33 creatures vanquished.

Vanquished Creatures (others)
  A plant (D:1)
1 creature vanquished.

Grand Total: 34 creatures vanquished

Notes
Turn   | Place    | Note
-------+----------+-------------------------------------------
     0 | D:1      | zeram the Merfolk Fighter began the quest for the Orb.
     0 | D:1      | Reached XP level 1. HP: 18/18 MP: 1/1
    46 | D:1      | Found a faded altar of an unknown god.
   124 | D:1      | Reached XP level 2. HP: 24/24 MP: 2/2
   512 | D:1      | You fall into a shaft and drop 1 floor!
   525 | D:2      | Reached XP level 3. HP: 24/29 MP: 3/3
   977 | D:2      | Found Hefyeshro's Antique Armour Boutique.
  1356 | D:2      | Reached skill level 4 in Polearms
  1657 | D:3      | Noticed an ogre
  1674 | D:3      | Slain by an ogre

Illustrated notes

Levels and vault maps discovered:
D:1:      beargit_arrival_greenhouse, layout_basic,
          shapermc_ecumenical_altar_ellora
D:2:      layout_rooms, serial_shops, shop_fountains
D:3:      layout_rooms

Skill      XL: |  1  2  3 |
---------------+----------+-----
Polearms       | 4 |  4.0
Fighting       | |  3.2
Armour         | |  2.6
Shields        | |  3.6

Action                   || total
-------------------------++-------
Melee: Trident           ||   126
  Use: Scroll            ||     4
Armor: Scale mail        ||    63
Dodge: Dodged            ||    42
Block: Kite shield       ||    63
